3AAA
ATHLETIC CLUB KC RESERVES @ FLORIDA MEN
08/24/2038
 
TOP OF THE 1ST
Athletic Club KC Reserves batting - Pitching for Florida Men : RHP Tim Sharp
Pitching: RHP Tim Sharp
Batting: LHB Ty Tomblin 0-0: TRIPLE (Line Drive, 78XD, EV 102.5 MPH)
Batting: RHB Andrés Medina 0-0: Ball
1-0: Foul Ball, location: 2F
1-1: Foul Ball, location: 2F
1-2: Strikes out swinging
Batting: LHB Scott Janousek 0-0: Ball
1-0: Swinging Strike
1-1: Ball
2-1: SINGLE (Groundball, 6MD, EV 103.1 MPH)
Ty Tomblin scores
Batting: LHB Jason Ward 0-0: Called Strike
0-1: Called Strike
Scott Janousek steals 2nd base
0-2: Ball
1-2: Ball
2-2: Strikes out swinging
Batting: RHB Jihan Tuah 0-0: Called Strike
0-1: Swinging Strike
0-2: Ball
1-2: Strikes out swinging
Top of the 1st over - 1 run, 2 hits, 0 errors, 1 left on base; Athletic Club KC 1 - Florida 0
BOTTOM OF THE 1ST
Florida Men batting - Pitching for Athletic Club KC Reserves : RHP Bob Sosa
Pitching: RHP Bob Sosa
Batting: LHB Charles Godard 0-0: Ball
1-0: Called Strike
1-1: Ball
2-1: SOLO HOME RUN (Flyball, 9LD, EV 95.0 MPH), Distance : 326 ft
Batting: RHB Matsudaira Sugahara 0-0: Ball
1-0: Ball
2-0: Foul Ball, location: 2F
2-1: Swinging Strike
2-2: Foul Ball, location: 2F
2-2: Foul Ball, location: 2F
2-2: Fly out, F9 (Flyball, 89D, EV 101.9 MPH)
Batting: LHB Jim Halpert 0-0: Ball
1-0: Swinging Strike
1-1: Ball
2-1: Ball
3-1: Base on Balls
Batting: LHB Basava Puri 0-0: Fielders Choice at 2nd, 4-6 (Groundball, 4, EV 86.9 MPH)
Batting: LHB Duncan Witteman 0-0: Called Strike
0-1: Ball
1-1: Called Strike
1-2: Ground out 4-3 (Groundball, 4, EV 83.1 MPH)
Bottom of the 1st over - 1 run, 1 hit, 0 errors, 1 left on base; Athletic Club KC 1 - Florida 1
TOP OF THE 2ND
Athletic Club KC Reserves batting - Pitching for Florida Men : RHP Tim Sharp
Batting: LHB Kwang-chih Feng 0-0: Ball
1-0: SINGLE (Groundball, 3D, EV 100.6 MPH)
Batting: RHB Travis Murphy 0-0: Called Strike
0-1: Fly out, F7 (Line Drive, 7D, EV 87.5 MPH)
Batting: RHB Quinn Albracht 0-0: Ball
1-0: Swinging Strike
1-1: Fly out, F8 (Line Drive, 8RM, EV 92.5 MPH)
Batting: RHB Jimmy Chandler 0-0: Ball
1-0: SINGLE (Groundball, 6D, EV 104.4 MPH)
Kwang-chih Feng to second
Batting: LHB Ty Tomblin 0-0: Hit by Pitch
Kwang-chih Feng to third
Jimmy Chandler to second
Batting: RHB Andrés Medina 0-0: Ball
1-0: Called Strike
1-1: Called Strike
1-2: Strikes out swinging
Top of the 2nd over - 0 runs, 2 hits, 0 errors, 3 left on base; Athletic Club KC 1 - Florida 1
BOTTOM OF THE 2ND
Florida Men batting - Pitching for Athletic Club KC Reserves : RHP Bob Sosa
Batting: LHB Ronald Anderson 0-0: Hit by Pitch
Batting: LHB Matt Herman 0-0: DOUBLE (Flyball, 78XD, EV 101.2 MPH)
Ronald Anderson to third
Batting: RHB Chang-lit Min 0-0: Ball
1-0: Called Strike
1-1: SINGLE (Line Drive, 78M, EV 94.4 MPH)
Ronald Anderson scores
Matt Herman to third
Batting: RHB Marcos Alfaro 0-0: Called Strike
0-1: Foul Ball, location: 2F
0-2: Fielders Choice at 2nd, 6-4 (Groundball, 6, EV 90.6 MPH)
Matt Herman scores
Batting: LHB Charles Godard 0-0: Ball
1-0: Called Strike
1-1: Ball
2-1: Called Strike
2-2: Ground out 1-3 (Groundball, 34S, EV 81.9 MPH)
Marcos Alfaro to second
Batting: RHB Matsudaira Sugahara 0-0: Called Strike
0-1: Ball
1-1: Ball
2-1: Ball
3-1: Foul Ball, location: 2F
3-2: DOUBLE (Flyball, 8LXD, EV 98.1 MPH)
Marcos Alfaro scores
Batting: LHB Jim Halpert 0-0: Ball
1-0: Ball
2-0: Foul Ball, location: 2F
2-1: Ball
3-1: SINGLE (Groundball, 56S, EV 73.8 MPH) (infield hit)
Matsudaira Sugahara to third
Batting: LHB Basava Puri 0-0: Ball
1-0: Fly out, F7 (Flyball, 7LMF, EV 85.0 MPH)
Bottom of the 2nd over - 3 runs, 4 hits, 0 errors, 2 left on base; Athletic Club KC 1 - Florida 4
TOP OF THE 3RD
Athletic Club KC Reserves batting - Pitching for Florida Men : RHP Tim Sharp
Batting: LHB Scott Janousek 0-0: Ball
1-0: Ball
2-0: Ground out 4-3 (Groundball, 4, EV 80.0 MPH)
Batting: LHB Jason Ward 0-0: Ball
1-0: Called Strike
1-1: Ball
2-1: Ball
3-1: Called Strike
3-2: Base on Balls
Batting: RHB Jihan Tuah 0-0: Ball
1-0: Called Strike
1-1: Foul Ball, location: 2F
1-2: Foul Ball, location: 2F
1-2: Ball
2-2: Ball
3-2: Ground out U3 (Groundball, 34S, EV 65.6 MPH)
Jason Ward to second
Batting: LHB Kwang-chih Feng 0-0: Ground out 4-3 (Groundball, 4, EV 90.0 MPH)
Top of the 3rd over - 0 runs, 0 hits, 0 errors, 1 left on base; Athletic Club KC 1 - Florida 4
BOTTOM OF THE 3RD
Florida Men batting - Pitching for Athletic Club KC Reserves : RHP Bob Sosa
Batting: LHB Duncan Witteman 0-0: Ball
1-0: Foul Ball, location: 2F
1-1: SINGLE (Line Drive, 9LM, EV 105.0 MPH)
Batting: LHB Ronald Anderson 0-0: Called Strike
0-1: Ball
1-1: Ball
2-1: Ball
3-1: Fly out, F3 (Line Drive, 3, EV 68.8 MPH)
Lined into DP, U3 (Line Drive, 3, EV 65.6 MPH)
Batting: LHB Matt Herman 0-0: Ball
1-0: Ball
2-0: Foul Ball, location: 2F
2-1: Foul Ball, location: 2F
2-2: Foul Ball, location: 2F
2-2: Ball
3-2: Strikes out swinging
Bottom of the 3rd over - 0 runs, 1 hit, 0 errors, 0 left on base; Athletic Club KC 1 - Florida 4
TOP OF THE 4TH
Athletic Club KC Reserves batting - Pitching for Florida Men : RHP Tim Sharp
Batting: RHB Travis Murphy 0-0: SINGLE (Groundball, 34D, EV 105.0 MPH)
Batting: RHB Quinn Albracht 0-0: SINGLE (Groundball, 23, EV 65.0 MPH) (infield hit)
Travis Murphy to second
Batting: RHB Jimmy Chandler 0-0: Called Strike
0-1: Ball
1-1: Ball
2-1: Fly out, F9 (Flyball, 9, EV 76.9 MPH)
Batting: LHB Ty Tomblin 0-0: Called Strike
0-1: Ball
1-1: Fielders Choice at 2nd, 2-4 (Groundball, 2L, EV 70.0 MPH)
Travis Murphy to third
Batting: RHB Andrés Medina 0-0: Ball
1-0: Swinging Strike
1-1: Called Strike
1-2: Ball
2-2: Fly out, F3 (Popup, 34, EV 75.0 MPH)
Top of the 4th over - 0 runs, 2 hits, 0 errors, 2 left on base; Athletic Club KC 1 - Florida 4
BOTTOM OF THE 4TH
Florida Men batting - Pitching for Athletic Club KC Reserves : RHP Bob Sosa
Batting: RHB Chang-lit Min 0-0: Called Strike
0-1: Foul Ball, location: 2F
0-2: Ball
1-2: Foul Ball, location: 2F
1-2: Ball
2-2: Foul Ball, location: 2F
2-2: Ball
3-2: Ground out 3-1 (Groundball, 34S, EV 81.9 MPH)
Batting: RHB Marcos Alfaro 0-0: Called Strike
0-1: Foul Ball, location: 2F
0-2: Ball
1-2: Foul Ball, location: 2F
1-2: Ball
2-2: SINGLE (Line Drive, 89S, EV 93.8 MPH)
Batting: LHB Charles Godard 0-0: Called Strike
Marcos Alfaro steals 2nd base
0-1: Foul Ball, location: 2F
0-2: SINGLE (Flyball, 7S, EV 93.1 MPH)
Marcos Alfaro to third
Runner from 3rd tries for Home, SAFE, throw by LF to home
Batting: RHB Matsudaira Sugahara 0-0: Called Strike
Charles Godard is caught stealing 2nd base 2-4
0-1: Foul Ball, location: 2F
0-2: Ball
1-2: Strikes out looking
Bottom of the 4th over - 1 run, 2 hits, 0 errors, 0 left on base; Athletic Club KC 1 - Florida 5
TOP OF THE 5TH
Athletic Club KC Reserves batting - Pitching for Florida Men : RHP Tim Sharp
Batting: LHB Scott Janousek 0-0: Called Strike
0-1: Foul Ball, location: 2F
0-2: Ball
1-2: Foul Ball, location: 2F
1-2: Ground out 3-1 (Groundball, 34S, EV 90.6 MPH)
Batting: LHB Jason Ward 0-0: Foul Ball, location: 2F
0-1: Ball
1-1: Foul Ball, location: 2F
1-2: Ball
2-2: Strikes out swinging
Batting: RHB Jihan Tuah 0-0: Ball
1-0: Ball
2-0: Foul Ball, location: 2F
2-1: SOLO HOME RUN (Flyball, 78XD, EV 93.8 MPH), Distance : 407 ft
Batting: LHB Kwang-chih Feng 0-0: SOLO HOME RUN (Flyball, 9LD, EV 91.2 MPH), Distance : 325 ft
Batting: RHB Travis Murphy 0-0: Ball
1-0: Foul Ball, location: 2F
1-1: Ball
2-1: Fly out, F7 (Flyball, 78XD, EV 110.0 MPH)
Top of the 5th over - 2 runs, 2 hits, 0 errors, 0 left on base; Athletic Club KC 3 - Florida 5
BOTTOM OF THE 5TH
Florida Men batting - Pitching for Athletic Club KC Reserves : RHP Bob Sosa
Batting: LHB Jim Halpert 0-0: Called Strike
0-1: Foul Ball, location: 2F
0-2: Fly out, F8 (Flyball, 8LD, EV 97.5 MPH)
Batting: LHB Basava Puri 0-0: Ball
1-0: Called Strike
1-1: Ball
2-1: Swinging Strike
2-2: Ball
3-2: SINGLE (Flyball, 8LS, EV 97.5 MPH)
Batting: LHB Duncan Witteman 0-0: Ball
1-0: Foul Ball, location: 2F
1-1: Called Strike
1-2: Strikes out swinging
Batting: LHB Ronald Anderson 0-0: Ball
Wild Pitch!
Basava Puri to second
1-0: Called Strike
1-1: Foul Ball, location: 2F
1-2: Foul Ball, location: 2F
1-2: Ball
2-2: Foul Ball, location: 2F
2-2: Foul Ball, location: 2F
2-2: Foul Ball, location: 2F
2-2: Foul Ball, location: 2F
2-2: Fly out, F8 (Flyball, 8LS, EV 80.0 MPH)
Bottom of the 5th over - 0 runs, 1 hit, 0 errors, 1 left on base; Athletic Club KC 3 - Florida 5
TOP OF THE 6TH
Athletic Club KC Reserves batting - Pitching for Florida Men : RHP Tim Sharp
Batting: RHB Quinn Albracht 0-0: Swinging Strike
0-1: Foul Ball, location: 2F
0-2: Ball
1-2: Strikes out looking
Batting: RHB Jimmy Chandler 0-0: Called Strike
0-1: Called Strike
0-2: Ball
1-2: Foul Ball, location: 2F
1-2: Strikes out looking
Batting: LHB Ty Tomblin 0-0: Ground out 1-3 (Groundball, 13S, EV 63.8 MPH)
Top of the 6th over - 0 runs, 0 hits, 0 errors, 0 left on base; Athletic Club KC 3 - Florida 5
BOTTOM OF THE 6TH
Florida Men batting - Pitching for Athletic Club KC Reserves : RHP Bob Sosa
Pitching: LHP Francisco González
Batting: LHB Matt Herman 0-0: Called Strike
0-1: Ball
1-1: Ball
2-1: Foul Ball, location: 2F
2-2: Strikes out swinging
Batting: RHB Chang-lit Min 0-0: Ball
1-0: Ball
2-0: Called Strike
2-1: Called Strike
2-2: Ground out 5-3 (Groundball, 56, EV 85.6 MPH)
Batting: RHB Marcos Alfaro 0-0: Called Strike
0-1: Ball
1-1: Called Strike
1-2: Ball
2-2: Foul Ball, location: 2F
2-2: Strikes out swinging
Bottom of the 6th over - 0 runs, 0 hits, 0 errors, 0 left on base; Athletic Club KC 3 - Florida 5
TOP OF THE 7TH
Athletic Club KC Reserves batting - Pitching for Florida Men : RHP Tim Sharp
Batting: RHB Andrés Medina 0-0: Ball
1-0: Called Strike
1-1: Ball
2-1: Ball
3-1: Foul Ball, location: 2F
3-2: Ground out 6-3 (Groundball, 6, EV 78.8 MPH)
Pitching: RHP Roy Bell
Batting: LHB Scott Janousek 0-0: Ball
1-0: Ball
2-0: Foul Ball, location: 2F
2-1: Foul Ball, location: 2F
2-2: Fly out, F6 (Popup, 6D, EV 65.0 MPH)
Batting: LHB Jason Ward 0-0: Foul Ball, location: 2F
0-1: Foul Ball, location: 2F
0-2: Ball
1-2: Ball
2-2: Ball
3-2: Base on Balls
Batting: RHB Jihan Tuah 0-0: Called Strike
0-1: Ball
1-1: Swinging Strike
1-2: Fly out, F3 (Popup, 3S, EV 85.6 MPH)
Top of the 7th over - 0 runs, 0 hits, 0 errors, 1 left on base; Athletic Club KC 3 - Florida 5
BOTTOM OF THE 7TH
Florida Men batting - Pitching for Athletic Club KC Reserves : LHP Francisco González
Batting: LHB Charles Godard 0-0: Swinging Strike
0-1: Ball
1-1: Ball
2-1: Ground out 4-3 (Groundball, 4, EV 91.9 MPH)
Batting: RHB Matsudaira Sugahara 0-0: Ball
1-0: Foul Ball, location: 2F
1-1: Ball
2-1: Foul Ball, location: 2F
2-2: SINGLE (Groundball, 56D, EV 97.5 MPH)
Pitching: RHP Oliver Vázquez
Batting: LHB Jim Halpert 0-0: Called Strike
0-1: Fielders Choice at 2nd, 4-6 (Groundball, 4, EV 85.6 MPH)
Batting: LHB Basava Puri 0-0: Called Strike
0-1: Ground out 6-3 (Groundball, 6MS, EV 65.6 MPH)
Bottom of the 7th over - 0 runs, 1 hit, 0 errors, 1 left on base; Athletic Club KC 3 - Florida 5
TOP OF THE 8TH
Athletic Club KC Reserves batting - Pitching for Florida Men : RHP Roy Bell
Batting: LHB Kwang-chih Feng 0-0: Foul Ball, location: 2F
0-1: Ball
1-1: Ground out U3 (Groundball, 3, EV 90.6 MPH)
Batting: RHB Travis Murphy 0-0: Ball
1-0: Called Strike
1-1: Ball
2-1: Fly out, F2 (Popup, 3SF, EV 87.5 MPH)
Batting: RHB Quinn Albracht 0-0: Ground out 6-3 (Groundball, 6, EV 108.1 MPH)
Top of the 8th over - 0 runs, 0 hits, 0 errors, 0 left on base; Athletic Club KC 3 - Florida 5
BOTTOM OF THE 8TH
Florida Men batting - Pitching for Athletic Club KC Reserves : RHP Oliver Vázquez
Batting: LHB Duncan Witteman 0-0: SINGLE (Groundball, 4D, EV 94.4 MPH)
Batting: LHB Ronald Anderson 0-0: Ball
1-0: Sac Bunt to 13 - play at first, batter OUT! 1-4
Duncan Witteman to second
Batting: LHB Matt Herman 0-0: Intentional Walk
Batting: RHB Chang-lit Min 0-0: Swinging Strike
0-1: Swinging Strike
0-2: Grounds into double play, 5-4-3 (Groundball, 5, EV 78.8 MPH)
Bottom of the 8th over - 0 runs, 1 hit, 0 errors, 1 left on base; Athletic Club KC 3 - Florida 5
TOP OF THE 9TH
Athletic Club KC Reserves batting - Pitching for Florida Men : RHP Roy Bell
Pitching: RHP Joseph Merle
Now in RF: Jacques Viceronte
Batting: RHB Jimmy Chandler 0-0: Ball
1-0: Ball
2-0: Ball
3-0: Called Strike
3-1: DOUBLE (Line Drive, 8RXD, EV 110.0 MPH)
Batting: LHB Ty Tomblin 0-0: Ball
1-0: Swinging Strike
1-1: Ball
2-1: Foul Ball, location: 2F
2-2: Ground out 2-3 (Groundball, 15S, EV 68.8 MPH)
Jimmy Chandler to third
Batting: RHB Andrés Medina 0-0: Ball
1-0: Ball
2-0: Foul Ball, location: 2F
2-1: Swinging Strike
2-2: Ball
3-2: Foul Ball, location: 2F
3-2: Foul Ball, location: 2F
3-2: Fly out, F7 (Flyball, 7S, EV 89.4 MPH)
Batting: LHB Scott Janousek 0-0: Called Strike
0-1: Called Strike
0-2: Fly out, F4 (Popup, 4, EV 59.4 MPH)
Top of the 9th over - 0 runs, 1 hit, 0 errors, 1 left on base; Athletic Club KC 3 - Florida 5
Friday, April 17th, 2020 - OOTP Baseball 20.8 Build 74